 Dungeon Crawl Stone Soup version 0.29.1-12-g30fa7ad0bf (webtiles) character file.

Game seed: 11403206780229987274

2 zeram the Trooper (level 1, 0/18 HPs)
             Began as a Merfolk Fighter on Dec 14, 2022.
             Slain by a jackal (3 damage)
             ... on level 1 of the Dungeon.
             The game lasted 00:00:05 (68 turns).

zeram the Trooper (Merfolk Fighter)                   Turns: 68, Time: 00:00:05

Health: 0/18       AC:  6    Str: 16    XL:     1   Next: 40%
Magic:  1/1        EV:  8    Int:  7    God:
Gold:   7          SH:  4    Dex: 13    Spells: 0/0 levels left

rFire   . . .      SeeInvis .   a - +0 trident
rCold   . . .      Faith    .   c - +0 buckler
rNeg    . . .      Spirit   .   b - +0 scale mail
rPois   .          Reflect  .   (no helmet)
rElec   .          Harm     .   (no cloak)
rCorr   .          Rampage  .   (no gloves)
Will    .....                   (no boots)
Stlth   ..........              (no amulet)
HPRegen 0.06/turn               (no ring)
MPRegen 0.07/turn               (no ring)

@: no status effects
A: (nimble swimmer 2), mertail
a: no special abilities


You were on level 1 of the Dungeon.
You visited 1 branch of the dungeon, and saw 1 of its levels.

You collected 7 gold pieces.

Inventory:

Hand Weapons
 a - a +0 trident (weapon)
Armour
 b - a +0 scale mail (worn)
 c - a +0 buckler (worn)
Potions
 d - a potion of might


   Skills:
 + Level 3.3 Fighting
 + Level 2.7 Polearms
 + Level 2.2 Armour
 + Level 3.0 Shields


You couldn't memorise any spells.
You didn't know any spells.
Your spell library was empty.

Dungeon Overview and Level Annotations

Branches:
Dungeon (1/15)

Altars:


Innate Abilities, Weirdness & Mutations

((You are very nimble when in or above water. (Stealth+, EV+, Speed+++)))
Your lower body shifts to a powerful aquatic tail in water.


Message History

You kill the jackal!
The jackal barely misses you. You block the jackal's attack. x2
The kobold hits you but does no damage.
You barely miss the jackal.
The jackal bites you but does no damage. x2
The jackal stops to sniff the ground.
The jackal bites you.
The jackal bites you but does no damage.
The kobold hits you but does no damage.
You barely miss the jackal.
The jackal bites you but does no damage. x2
The kobold hits you but does no damage.
You barely miss the jackal. You block the jackal's attack. x2
The jackal barely misses you. The kobold hits you with a +0 whip.
The jackal bites you.
You are too injured to fight recklessly!
You are too injured to fight recklessly!
You are too injured to fight recklessly!
You are too injured to fight recklessly!
You are too injured to fight recklessly!
You are too injured to fight recklessly!
You are too injured to fight recklessly!
You are too injured to fight recklessly!
You are too injured to fight recklessly!
You are too injured to fight recklessly!
You are too injured to fight recklessly!
You are too injured to fight recklessly!
You are too injured to fight recklessly!
Unknown command.
You barely miss the kobold. The jackal barely misses you. The jackal bites you.
The kobold barely misses you.
The jackal bites you but does no damage.
The jackal bites you.
* * * LOW HITPOINT WARNING * * *
You puncture the kobold!
You kill the kobold!
The jackal bites you.
* * * LOW HITPOINT WARNING * * *
The jackal barely misses you. The jackal bites you.
You die...

... .. ..
#.######### .#
#.........# .
#.........### .#
#...h)......# ###.
#.h@.....#.###..
#........#...#.#
#........##.##.#
#........##....#
#........#####.###
########## #...##
###..## ##... ####


You could see 2 jackals.

Vanquished Creatures
  2 jackals (D:1)
  A kobold (D:1)
3 creatures vanquished.

Notes
Turn   | Place    | Note
-------+----------+-------------------------------------------
     0 | D:1      | zeram the Merfolk Fighter began the quest for the Orb.
     0 | D:1      | Reached XP level 1. HP: 18/18 MP: 1/1
     6 | D:1      | Noticed a black bear
     6 | D:1      | Noticed a lindwurm
     6 | D:1      | Noticed a black mamba
     7 | D:1      | Noticed a rime drake
     7 | D:1      | Noticed a snapping turtle
    68 | D:1      | Slain by a jackal

Illustrated notes

Levels and vault maps discovered:
D:1:      onia_arrival_zoo_common, layout_basic, shapermc_ecumenical_altar_venn

Action                   || total
-------------------------++-------
Melee: Trident           ||    10
Armor: Scale mail        ||    11
Dodge: Dodged            ||    11
Block: Buckler           ||     6
